 Dungeon Crawl Stone Soup version 0.31-a0-1002-g8e65716e6e (console) character file.

Game seed: 8719510209180810782

4900400 asdu the Conqueror (level 27, 273/273 HPs)
             Began as a Meteoran Berserker on Nov 8, 2023.
             Was the Champion of Trog.
             Escaped with the Orb
             ... and 4 runes on Nov 10, 2023!
             The game lasted 04:10:46 (24786 turns).

asdu the Conqueror (Meteoran Berserker)            Turns: 24786, Time: 04:10:46

Health: 273/273    AC: 69    Str: 37    XL:     27
Magic:  11/11      EV: 27    Int:  6    God:    Trog [******]
Gold:   4740       SH: 29    Dex: 25    Spells: 26/26 levels left

rFire   . . .        w - +9 broad axe (antimagic)
rCold   + . .        d - +1 tower shield {AC+3}
rNeg    . . .        j - +9 crystal plate armour {rC+}
rPois   .            I - +2 helmet of the Original Sin {Drain Str+4 Dex+3 SInv}
rElec   .            X - +4 dragonskin cloak
rCorr   .            J - +0 pair of fencer's gloves {Riposte Dex+3}
SInv    +            v - +3 pair of seven-league boots {Rampage+∞}
Will    +++..        L - amulet of regeneration Stlth
                     z - ring of Olehus Duma {MP+9 EV+5 Str+4 Int-4}
HPRegen 1.45/turn    V - ring of the Tortoise {AC+8}
MPRegen 0.12/turn

%: rampage+∞
@: glowing, studying Long Blades
A: sense surroundings 3, otherworldly, glowing, explore regen, iridescent scales
1, subdued magic 1, MP-powered wands
0: Orb of Zot
}: 4/15 runes: decaying, silver, abyssal, gossamer
a: Renounce Religion, Berserk, Trog's Hand, Brothers in Arms


You escaped.
You worshipped Trog.
Trog was exalted by your worship.
You visited 10 branches of the dungeon, and saw 50 of its levels.
You visited the Abyss 1 time.
You also visited: Sewer, Ossuary, Bailey, Gauntlet, Ice Cave, Volcano, Wizlab and Desolation.

You collected 6349 gold pieces.
You spent 1609 gold pieces at shops.

Inventory:

Hand Weapons
 e - the +9 broad axe "Toyluaso" {flame, Int-2 Dex+4}
   (Trog gifted it to you on level 4 of the Realm of Zot)

   Int-2:     It affects your intelligence (-2).
   Dex+4:     It affects your dexterity (+4).
 w - a +9 antimagic broad axe (weapon)
 E - the +8 morningstar of Change {drain, rElec rF++}
   (You found it on level 3 of the Elven Halls)

   rF++:      It greatly protects you from fire.
   rElec:     It insulates you from electricity.
Missiles
 a - 9 curare-tipped darts
 y - 29 boomerangs
 H - 10 javelins
 N - a throwing net
Armour
 d - a +1 tower shield of protection (worn)
 j - a +9 crystal plate armour of cold resistance (worn)
 v - the +3 pair of seven-league boots (worn) {Rampage+∞}
   (You found it on level 3 of the Elven Halls)

   Rampage+∞: When moving toward enemies, its wearer moves as far as possible,
   alerting their target en route.
 I - the +2 helmet of the Original Sin (worn) {Drain Str+4 Dex+3 SInv}
   (You bought it in a shop on level 2 of the Elven Halls)

   Str+4:     It affects your strength (+4).
   Dex+3:     It affects your dexterity (+3).
   SInv:      It lets you see invisible.
   Drain:     It drains your maximum health when unequipped.
 J - the +0 pair of fencer's gloves (worn) {Riposte Dex+3}
   (You found it on level 3 of the Elven Halls)

   Riposte:   It allows the wearer to riposte with melee weapons, swiftly
   retaliating against missed or blocked melee attacks.
   Dex+3:     It affects your dexterity (+3).
 S - a scarf of resistance
 X - the +4 dragonskin cloak (worn)
   (You took it off Tiamat on level 3 of the Realm of Zot)

   Avatar's Aegis: It grants the wearer a chance to resist fire, cold, poison,
   electricity, acid, and negative energy.
Jewellery
 b - a ring of protection from fire
 c - the ring of Uhaomaeny {Wiz rElec rN+}
   (You took it off a ragged hierophant in the Desolation of Salt)

   [ring of wizardry]

   Wiz:       It improves your spell success rate.
   rElec:     It insulates you from electricity.
   rN+:       It protects you from negative energy.
 f - the ring of the Sun {rPois rC++ rN+}
   (You acquired it on level 2 of the Vaults)

   [ring of positive energy]

   rC++:      It greatly protects you from cold.
   rPois:     It protects you from poison rN+: It protects you from negative
   energy.
 k - the ring "Udeog" {Fly Will+ Str+6}
   (You found it in the Desolation of Salt)

   [ring of strength]

   Str+6:     It affects your strength (+6).
   Will+:     It increases your willpower.
   Fly:       It grants you flight.
 o - the ring of Usiulis {rCorr Int+2}
   (You acquired it on level 2 of the Vaults)

   [ring of resist corrosion]

   Int+2:     It affects your intelligence (+2).
   rCorr:     It protects you from acid and corrosion.
 z - the ring of Olehus Duma (left hand) {MP+9 EV+5 Str+4 Int-4}
   (You found it on level 3 of the Realm of Zot)

   [ring of evasion]

   EV+5:      It affects your evasion (+5).
   Str+4:     It affects your strength (+4).
   Int-4:     It affects your intelligence (-4).
   MP+9:      It affects your magic capacity (+9).
 L - an amulet of regeneration (around neck)
 P - the ring of Suspicion {rF+ rC- Int+4 Dex+6}
   (You found it on level 1 of the Depths)

   [ring of dexterity]

   Int+4:     It affects your intelligence (+4).
   Dex+6:     It affects your dexterity (+6).
   rF+:       It protects you from fire.
   rC-:       It makes you vulnerable to cold.
 V - the ring of the Tortoise (right hand) {AC+8}
   (You took it off Tiamat on level 3 of the Realm of Zot)

   [ring of protection]

   AC+8:      It affects your AC (+8).
 W - the ring of Ythuc {rN++ EV+5 Dex-3}
   (You found it on level 3 of the Swamp)

   [ring of evasion]

   EV+5:      It affects your evasion (+5).
   Dex-3:     It affects your dexterity (-3).
   rN++:      It greatly protects you from negative energy.
Wands
 A - a wand of mindburst (49)
 B - a wand of roots (26)
 M - a wand of light (33)
 Q - a wand of charming (58)
Scrolls
 h - 14 scrolls of vulnerability
 n - 8 scrolls of fog
 r - 6 scrolls of fear
 t - 5 scrolls of blinking
 u - a scroll of butterflies
 x - a scroll of revelation
 C - 2 scrolls of immolation
 Y - 12 scrolls of teleportation
Potions
 g - 5 potions of enlightenment
 i - 4 potions of mutation
 l - 12 potions of curing
 m - 13 potions of attraction
 q - 2 potions of haste
 s - 12 potions of heal wounds
 D - 5 potions of might
 F - 4 potions of resistance
 K - 6 potions of lignification
 U - 2 potions of cancellation
 Z - 10 potions of ambrosia
Miscellaneous
 p - a sack of spiders
 G - a condenser vane
 O - a phantom mirror
 R - a lightning rod (4/4)
 T - a phial of floods


   Skills:
 O Level 27 Fighting
 - Level 18.0 Axes
 * Level 24.9 Armour
 + Level 18.7 Dodging
 O Level 27 Shields
 - Level 16.0 Evocations


You had 26 spell levels left.
You didn't know any spells.
Your spell library contained the following spells:

 Spells                   Type           Power      Damage    Failure   Level
 Necrotise                Necr           0%         1d4       90%         1
 Summon Small Mammal      Summ           0%         N/A       90%         1
 Ensorcelled Hibernation  Hex/Ice        0%         N/A       97%         2
 Jinxbite                 Hex            0%         N/A       97%         2
 Lesser Beckoning         Tloc           0%         N/A       97%         2
 Momentum Strike          Conj/Tloc      0%         3d8       97%         2
 Passwall                 Tmut/Erth      0%         N/A       97%         2
 Sublimation of Blood     Necr           0%         N/A       97%         2
 Wereblood                Tmut           0%         N/A       97%         2
 Call Canine Familiar     Summ           0%         N/A       99%         3
 Ozocubu's Armour         Ice            0%         N/A       99%         3
 Summon Guardian Golem    Hex/Summ       0%         N/A       99%         3
 Swiftness                Air            0%         N/A       99%         3
 Vampiric Draining        Necr           0%         2d6       99%         3
 Anguish                  Hex/Necr       0%         N/A       100%        4
 Animate Armour           Summ/Erth      0%         N/A       100%        4
 Cause Fear               Hex            0%         N/A       100%        4
 Leda's Liquefaction      Hex/Erth       0%         N/A       100%        4
 Manifold Assault         Tloc           0%         N/A       100%        4
 Petrify                  Tmut/Erth      0%         N/A       100%        4
 Summon Ice Beast         Ice/Summ       0%         N/A       100%        4
 Summon Lightning Spire   Summ/Air       0%         N/A       100%        4
 Agony                    Necr           0%         N/A       100%        5
 Alistair's Intoxication  Tmut/Pois      0%         N/A       100%        5
 Borgnjor's Vile Clutch   Necr/Erth      0%         N/A       100%        5
 Freezing Cloud           Conj/Ice/Air   0%         6-21      100%        5
 Lee's Rapid Deconstruct  Erth           0%         3d4*      100%        5
 Bombard                  Conj/Erth      0%         9d1       100%        6
 Dispersal                Tloc           0%         N/A       100%        6
 Eringya's Noxious Bog    Tmut/Pois      0%         4d6       100%        6
 Summon Cactus Giant      Summ           0%         N/A       100%        6
 Enfeeble                 Hex            0%         N/A       100%        7
 Malign Gateway           Summ/Tloc      0%         N/A       100%        7
 Monstrous Menagerie      Summ           0%         N/A       100%        7
 Ozocubu's Refrigeration  Ice            0%         4d7       100%        7
 Summon Hydra             Summ           0%         N/A       100%        7
 Disjunction              Tloc           0%         N/A       100%        8
 Lehudib's Crystal Spear  Conj/Erth      0%         10d2      100%        8
 Summon Horrible Things   Summ           0%         N/A       100%        8
 Polar Vortex             Ice            0%         N/A       100%        9


Dungeon Overview and Level Annotations

Branches:
Dungeon (15/15)              Lair (5/5) D:9           Swamp (4/4) Lair:2
 Spider (4/4) Lair:3        Slime (0/5) Lair:4          Orc (2/2) D:10
    Elf (3/3) Orc:2        Vaults (5/5) D:13          Crypt (3/3) Vaults:3
   Tomb (0/3) Crypt:3      Depths (4/4) D:15            Zot (5/5) Depths:4
  Sewer (visited)         Ossuary (visited)          Bailey (visited)
  IceCv (visited)         Volcano (visited)          WizLab (visited)
Desolation (visited)      Gauntlet (visited)
 Temple: D:4-7

Altars:
Ashenzari
Dithmenos
Fedhas
Hepliaklqana
Kikubaaqudgha
Okawaru
Qazlal
Ru
Sif Muna
Trog
Yredelemnul

Shops:
D:15 !   Orc:1 :   Orc:2 ([=:   Elf:1 !   Elf:2 ?[   Vaults:4 :

Portals:
Hell: Depths:1 Depths:3
Abyss: Depths:1
Pandemonium: Depths:2

Annotations:
D:4 dig vault
Zot:4 2 transporters


Innate Abilities, Weirdness & Mutations

You passively map a large area around you.
You are easily found by Zot.
You glow in the dark.
You regain HP and MP as you explore.
You are partially covered in iridescent scales. (AC +2)
Your spells are a little easier to cast, but a little less powerful.
You expend magic power (3 MP) to strengthen your wands.


Message History

(C) Crypt (W) Tomb (U) Depths (H) Hell (Z) Zot
Where to? (* - list waypoints, Tab/Enter - D:1 @ (x,y), ? - help)
Things that are here:
a bat skeleton; a rat skeleton A tormentor comes into view.
The tormentor roars!
You slash the tormentor!
The tormentor's magic leaks into the air.
The tormentor is heavily wounded.
You block the tormentor's attack. x2; You riposte.
You closely miss the tormentor.
The tormentor is moderately wounded.
You hit the tormentor.
The tormentor's magic leaks into the air.
The tormentor is heavily wounded.
The tormentor falters for a moment.
You hit the tormentor.
The tormentor's magic leaks into the air.
The tormentor is severely wounded.
You block the tormentor's attack.
You riposte.
You open the tormentor like a pillowcase!!!
You kill the tormentor!
Trog accepts your kill.
A red devil comes into view. It is wielding a +0 demon trident.
A red devil is nearby!
You stride towards the red devil!
You slice the red devil!!
The red devil is almost dead.
You open the red devil like a pillowcase!!!
You kill the red devil!
Trog accepts your kill.
There is an open door here.
You see here a ball python skeleton.
There is an open door here.
There is an open door here.
There is an open door here.
There is an open door here.
You open the door.
There is a staircase leading out of the dungeon here.
You have escaped!

#........# , , **
### #.. #....).>>#*
, , ..# #..
#.......## * + *
#.####. ###.##.##,
, , #.#...÷ # #.. ,
, ,, #.#.### ### ,
* ,, #[..# , ##+
######### #.### ,
#...#...#...# #.#
### * #...'.@.'...#
⌠ #.##... * ,*
#...#...#...#
,,#...÷.. *, ##+
##'###'###+##..##.#
* ,
#...#...#...#.....#
,,, ,
#...#...#.⌠.#.#####
* ,,
#...#...#...#)# *
##'#######'##.# *
#...#...#...#.# ,
,#...'...'...÷.#


There were no monsters in sight!

Vanquished Creatures
  2 dread liches (Zot:5)
  Tiamat (Zot:3)
  8 ancient liches
  5 orbs of fire (Zot:5)
  2 juggernauts
  Boris (thrice) (Crypt:3 Depths:1 Depths:4)
  4 Killer Klowns
  Bai Suzhen (Spider:3)
  2 antique champions (WizLab)
  2 curse toes (Zot:5)
  A caustic shrike (Depths:2)
  the Enchantress (Depths:2)
  16 golden dragons
  Arachne (Spider:2)
  3 electric golems
  A Tzitzimitl (Zot:5)
  4 bone dragons
  A pandemonium lord (D:1)
  A Hell Sentinel (Zot:1)
  A hellephant (Depths:1)
  21 tentacled monstrosities
  Jorgrun (Elf:1)
  7 liches
  29 Orb Guardians
  6 titans
  2 Ice Fiends
  A deep elf master archer (Elf:3)
  3 deep elf blademasters (Elf:3)
  7 quicksilver dragons
  7 sphinxes
  A tentacled starspawn (Abyss:3)
  4 ancient champions
  2 Executioners
  5 death cobs
  8 tengu reavers
  19 storm dragons
  Kirke (Spider:3)
  A thorn hunter (Swamp:4)
  Aizul (Spider:4)
  11 shadow dragons
  A revenant (Crypt:2)
  7 draconian monks
  4 deep elf sorcerers
  8 fire giants
  A draconian knight (Zot:4)
  3 emperor scorpions
  9 vault wardens
  2 imperial myrmidons (Desolation)
  4 draconian scorchers
  6 frost giants
  5 deep elf elementalists (Elf:3)
  2 ghost moths
  A curse skull (Zot:4)
  6 draconian stormcallers
  Louise (Spider:1)
  A balrug (D:1)
  8 ghouls
  3 draconian shifters
  7 draconian annihilators
  2 orc warlords
  7 war gargoyles
  17 ironbound preservers
  2 reapers
  5 spriggan defenders
  A juggernaut skeleton (Abyss:3)
  13 stone giants
  8 very ugly things
  2 caustic shrike skeletons
  3 ironbound thunderhulks
  Nessos (D:12)
  2 deep elf demonologists (Elf:3)
  A dire elephant (Vaults:3)
  4 formless jellyfish
  4 deep elf annihilators
  5 green draconians
  A halazid warlock (Desolation)
  9 red draconians
  7 eleionomae
  13 black draconians
  15 yellow draconians
  9 vampire knights
  5 white draconians
  4 spark wasps
  14 purple draconians
  A minotaur (Gauntlet)
  5 bunyips
  2 eidola
  6 crystal guardians
  5 deep elf death magi (Elf:3)
  2 blizzard demons (Abyss:3)
  Josephine (Lair:4)
  11 ettins
  A merfolk impaler (Abyss:3)
  7 entropy weavers
  6 deep elf high priests
  4 jiangshi
  2 spriggan zombies (Crypt:3)
  7 fire dragons
  9 ragged hierophants (Desolation)
  8 yaktaur captains
  2 shambling mangroves
  7 servants of whispers (Desolation)
  5 great orbs of eyes
  22 hydras
  4 ghost crabs
  A jorogumo (Spider:1)
  4 spriggan air magi (Depths:2)
  A rakshasa (D:15)
  24 vault guards
  7 ironbound frosthearts
  11 ice dragons
  3 peacekeepers (Desolation)
  A radroach (Spider:3)
  4 boulder beetles
  The ghost of BinkBink the Grappler, a novice TrSh of Qazlal (D:10)
  A caustic shrike simulacrum (IceCv)
  2 death knights (Crypt:1)
  An anaconda (Lair:2)
  4 ogre magi
  21 two-headed ogres
  3 centaur warriors
  12 alligators
  6 death yaks
  An Orb Guardian skeleton (Crypt:2)
  3 demonic crawlers
  A two-headed ogre (shapeshifter) (Vaults:5)
  A vampire mage (Depths:2)
  6 deep troll earth magi
  An occultist (D:15)
  2 titan zombies
  3 tengu warriors
  14 dancing weapons
  3 hell hogs (Depths:1)
  2 thrashing horrors (Abyss:3)
  2 sun demons
  3 deep troll shamans
  12 hell knights
  4 deep elf knights
  An orc high priest (Vaults:2)
  4 spriggan berserkers
  2 soul eaters
  31 skeletal warriors
  5 iron trolls
  A shock serpent (shapeshifter) (Vaults:5)
  5 sixfirhies
  A skyshark (Lair:2)
  6 wretched stars (Abyss:3)
  7 fire crabs
  A fire crab (shapeshifter) (Elf:2)
  3 pharaoh ants
  A salamander mystic (Volcano)
  A death drake (shapeshifter) (Vaults:5)
  A shadow demon (D:15)
  7 glowing orange brains
  32 deep trolls
  3 orb spiders (Spider:4)
  4 bog bodies
  A goliath frog (Swamp:3)
  An anaconda zombie (Crypt:3)
  2 flayed ghosts
  4 spriggan simulacra (IceCv)
  A sun moth (Spider:2)
  7 arcanists
  3 spriggan druids
  11 swamp dragons
  21 ironbound convokers
  5 deep elf archers
  2 golden dragon skeletons (WizLab)
  An anaconda skeleton (Crypt:3)
  10 phantasmal warriors
  3 lindwurms (Vaults:1)
  2 obsidian statues
  An orange crystal statue (Zot:5)
  13 deep elf zephyrmancers
  A wolf spider zombie (Crypt:1)
  6 starcursed masses (Abyss:3)
  4 steelbarb worms
  10 harpies
  18 orc knights
  13 wolf spiders
  A wolf spider (shapeshifter) (D:15)
  10 necromancers
  3 orc sorcerers
  A stone giant zombie (Crypt:3)
  37 ugly things
  19 deep elf pyromancers
  5 oklob plants (Zot:4)
  A shining eye (Gauntlet)
  6 cyclopes
  2 salamanders (Volcano)
  A fire giant zombie (Vaults:5)
  4 will-o-the-wisps
  22 moths of wrath
  A stone giant skeleton (WizLab)
  A worldbinder (Abyss:3)
  A centaur zombie (Crypt:3)
  Joseph (D:7)
  3 manticores
  3 black mambas
  9 vault sentinels
  2 fire giant skeletons
  An apocalypse crab (Lair:4)
  5 guardian serpents
  3 dire elephant zombies
  10 cane toads
  5 elephants (Lair:2)
  5 molten gargoyles (Volcano)
  4 torpor snails
  6 smoke demons
  4 gargoyles
  An unseen horror zombie (Crypt:1)
  A red draconian zombie (Crypt:2)
  An unseen horror (D:11)
  6 komodo dragons
  A tengu conjurer (Depths:4)
  12 freezing wraiths
  3 efreet
  3 rime drakes
  4 ice devils (IceCv)
  A grey draconian zombie (Crypt:2)
  An anaconda simulacrum (IceCv)
  A tormentor (D:1)
  3 yaktaur skeletons (Vaults:3)
  26 yaktaurs
  A golden dragon simulacrum (IceCv)
  A harpy zombie (Crypt:3)
  2 red devils
  3 ancient zymes (Abyss:3)
  8 large abominations
  3 hellwings (Abyss:3)
  7 polar bears
  17 hornets
  7 trolls
  12 tyrant leeches
  54 saltlings
  14 tarantellas
  A dream sheep (shapeshifter) (Vaults:5)
  12 dream sheep
  11 blink frogs
  A harpy skeleton (Crypt:3)
  A fire dragon zombie (Crypt:3)
  10 raiju (Abyss:3)
  A glass eye (Gauntlet)
  11 jumping spiders
  A ynoxinul (Abyss:3)
  3 stone giant simulacra (WizLab)
  2 ettin zombies (WizLab)
  38 flying skulls
  A slime creature (shapeshifter) (Vaults:5)
  2 shadows
  17 slime creatures
  2 air elementals
  A vampire (WizLab)
  An ettin skeleton (Vaults:5)
  3 wyverns
  4 water elementals
  27 yaks
  6 culicivoras
  15 spriggans
  4 hogs (Spider:3)
  8 wraiths
  3 basilisks
  3 fire elementals
  A neqoxec (Abyss:3)
  A golden eye (Gauntlet)
  A golden eye (shapeshifter) (Vaults:5)
  A steam dragon (D:8)
  4 minotaur simulacra (IceCv)
  35 redbacks
  5 vampire mosquitoes (D:14)
  2 chaos spawn
  2 harpy simulacra (IceCv)
  6 wargs
  Menkaure (D:7)
  A fire bat zombie (Crypt:1)
  15 swamp worms
  A hydra simulacrum (IceCv)
  An acid dragon (D:9)
  A two-headed ogre zombie (WizLab)
  10 water moccasins
  2 hell hounds (Lair:4)
  2 deep troll skeletons (WizLab)
  A sky beast (D:6)
  A two-headed ogre skeleton (WizLab)
  Duvessa (D:7)
  41 orc warriors
  12 swamp drakes
  2 swamp dragon zombies (WizLab)
  6 ice beasts
  8 boggarts
  9 black bears
  33 wolves
  16 ogres
  19 centaurs
  An elephant zombie (Crypt:1)
  2 phantoms
  8 kobold brigands
  9 human skeletons
  11 bullfrogs
  2 earth elementals
  A two-headed ogre simulacrum (WizLab)
  3 gnoll sergeants
  3 necrophages (Crypt:3)
  A scorpion (Lair:2)
  6 small abominations (Abyss:3)
  2 deep troll simulacra (IceCv)
  7 wights
  Dowan (D:7)
  3 killer bees (D:11)
  A lindwurm simulacrum (IceCv)
  3 electric eels
  9 howler monkeys
  2 iron imps
  A gnoll bouda (D:8)
  2 hounds
  14 orc priests
  2 sleepcaps
  2 iguanas
  11 orc wizards
  2 lightning spires (Zot:4)
  A hell rat (Lair:2)
  12 mummies (Ossuary)
  8 gnolls
  18 adders
  6 river rats (Sewer)
  3 shadow imps
  3 white imps
  A worm (D:3)
  2 dart slugs
  92 orcs
  6 endoplasms
  A giant cockroach (D:6)
  6 goblins
  6 hobgoblins
  4 jackals (D:1)
  18 kobolds
  4 quokkas
  14 ball pythons
  3 bats (D:1)
  A frilled lizard (Sewer)
  A gnoll skeleton (Ossuary)
  4 goblin skeletons (Ossuary)
  A jackal zombie (D:6)
  A kobold skeleton (Ossuary)
  A kobold zombie (D:6)
  2 orc skeletons (Ossuary)
  An orc zombie (D:6)
  27 rats
  11 rat skeletons (Ossuary)
  A spectral weapon (Depths:3)
  2 starspawn tentacles (Abyss:3)
2137 creatures vanquished.

Vanquished Creatures (collateral kills)
  the Lernaean hydra (Swamp:4)
  A hydra (Swamp:4)
  A sun moth (Spider:3)
  2 wolf spiders (Spider:2)
  A torpor snail (Spider:3)
  2 tarantellas (Spider:2)
  A culicivora (Spider:2)
  A yak (D:9)
  A wraith (D:9)
  A steam dragon (D:9)
  A redback (Spider:2)
  A water moccasin (D:9)
  An orc warrior (D:9)
  3 orcs (D:9)
18 creatures vanquished.

Vanquished Creatures (others)
  A titan (Vaults:5)
  A shadow dragon (Depths:1)
  A deep elf elementalist (Elf:3)
  2 ice dragons (Depths:1)
  An ogre mage (Vaults:5)
  A moth of wrath (Zot:1)
  An acid dragon (Zot:3)
  8 foxfires
  2 lurking horrors (Abyss:3)
  3 starspawn tentacles (Abyss:3)
21 creatures vanquished.

Grand Total: 2176 creatures vanquished

Notes
Turn   | Place    | Note
-------+----------+-------------------------------------------
     0 | D:1      | asdu the Meteoran Berserker began the quest for the Orb.
     0 | D:1      | Reached XP level 1. HP: 19/19 MP: 2/2
    73 | D:1      | Reached XP level 2. HP: 16/26 MP: 3/3
   115 | D:1      | Reached XP level 3. HP: 33/33 MP: 4/4
   222 | D:2      | Found a faded altar of an unknown god.
   275 | D:3      | Reached ** piety under Trog
   307 | D:3      | Noticed a water moccasin
   379 | D:3      | Reached XP level 4. HP: 40/40 MP: 5/5
   380 | D:3      | Reached skill level 5 in Axes
   387 | D:4      | Noticed a phantom
   486 | D:4      | Killed a phantom
   487 | D:4      | Reached XP level 5. HP: 47/47 MP: 6/6
   539 | D:4      | Reached XP level 6. HP: 53/53 MP: 7/7
   627 | D:4      | Noticed a black bear
   635 | D:4      | Killed a black bear
   636 | D:4      | Reached skill level 5 in Fighting
   673 | D:4      | Noticed a black bear
   682 | D:4      | Killed a black bear
   683 | D:4      | Reached XP level 7. HP: 46/61 MP: 8/8
   754 | D:5      | Entered Level 5 of the Dungeon
   916 | D:6      | Identified the of Fothreish
   964 | D:6      | Found a glowing drain.
   980 | D:6      | Reached XP level 8. HP: 49/70 MP: 9/9
  1016 | D:6      | Reached *** piety under Trog
  1030 | Sewer    | Entered a sewer
  1231 | Sewer    | Reached **** piety under Trog
  1235 | Sewer    | Reached skill level 10 in Axes
  1284 | D:6      | Gained mutation: You passively map the area around you.
                  | [Meteoran growth]
  1284 | D:6      | Reached XP level 9. HP: 78/78 MP: 10/10
  1301 | D:6      | Found an ancient bone altar of Kikubaaqudgha.
  1365 | D:6      | Found a sand-covered staircase.
  1375 | Ossuary  | Entered an ossuary
  1749 | D:7      | Identified the of Zeacal
  1757 | D:7      | Noticed Menkaure
  1763 | D:7      | Killed Menkaure
  1955 | D:7      | Noticed a two-headed ogre
  1965 | D:7      | Killed a two-headed ogre
  1966 | D:7      | Reached XP level 10. HP: 77/88 MP: 11/11
  1987 | D:7      | Noticed Duvessa
  2016 | D:7      | Killed Duvessa
  2019 | D:7      | Noticed Dowan
  2056 | D:7      | Killed Dowan
  2105 | D:7      | Noticed Joseph
  2123 | D:7      | Killed Joseph
  2123 | D:7      | Reached ***** piety under Trog
  2254 | D:8      | Noticed a two-headed ogre
  2272 | D:8      | Killed a two-headed ogre
  2346 | D:8      | Found a shimmering blue altar of Sif Muna.
  2368 | D:8      | Found a broken altar of Ashenzari.
  2368 | D:8      | Found a hazy altar of Hepliaklqana.
  2368 | D:8      | Found a bloodstained altar of Trog.
  2383 | D:8      | Found a stormy altar of Qazlal.
  2444 | D:9      | Noticed a two-headed ogre
  2453 | D:9      | Killed a two-headed ogre
  2456 | D:9      | Reached XP level 11. HP: 53/97 MP: 12/12
  2473 | D:9      | Reached skill level 15 in Axes
  2510 | D:9      | Identified the +0 leather armour of the Unseen Realm {rF-
                  | rC+ Dex+2 SInv}
  2564 | D:9      | Found a sacrificial altar of Ru.
  2615 | D:9      | Reached skill level 10 in Fighting
  2667 | D:10     | Entered Level 10 of the Dungeon
  2757 | D:10     | Found a staircase to the Orcish Mines.
  2787 | D:10     | Noticed a two-headed ogre
  2805 | D:10     | Killed a two-headed ogre
  2890 | D:10     | Found a runed translucent gate.
  2891 | D:10     | Found a runed translucent gate.
  2892 | D:10     | Found a runed translucent gate.
  2893 | D:10     | Noticed BinkBink's ghost (novice TrSh)
  3019 | D:10     | Found a flagged portal.
  3068 | Bailey   | Entered a bailey
  3083 | Bailey   | Reached skill level 5 in Armour
  3176 | Bailey   | Noticed an orc knight
  3243 | Bailey   | Noticed an orc knight
  3282 | Bailey   | Killed an orc knight
  3283 | Bailey   | Reached skill level 1 in Shields
  3420 | Bailey   | Killed an orc knight
  3610 | D:9      | Reached XP level 12. HP: 108/108 MP: 13/13
  3634 | D:9      | Found a shadowy altar of Dithmenos.
  3677 | D:9      | Found a blossoming altar of Fedhas.
  3721 | D:10     | Noticed a two-headed ogre
  3731 | D:10     | Killed a two-headed ogre
  4024 | D:8      | Noticed a two-headed ogre
  4035 | D:8      | Killed a two-headed ogre
  4040 | D:8      | Received a gift from Trog
  4194 | D:9      | Found a staircase to the Lair.
  4460 | D:11     | Reached skill level 5 in Shields
  4665 | D:12     | Found a blossoming altar of Fedhas.
  4728 | D:12     | Noticed Nessos
  4741 | D:12     | Killed Nessos
  4898 | D:12     | Reached XP level 13. HP: 66/117 MP: 4/14
  4979 | D:13     | Noticed a centaur warrior
  4985 | D:13     | Noticed a boulder beetle
  4991 | D:13     | Killed a centaur warrior
  5008 | D:13     | Killed a boulder beetle
  5114 | D:13     | Found the +3 warlock's mirror {omnireflect}
  5342 | D:13     | Found a gate to the Vaults.
  5434 | D:13     | Noticed a centaur warrior
  5443 | D:13     | Killed a centaur warrior
  5444 | D:13     | Reached skill level 10 in Shields
  5593 | D:14     | Found an iron altar of Okawaru.
  5633 | D:14     | Found a transporter.
  5692 | D:14     | Found a transporter.
  5693 | D:14     | Noticed a red very ugly thing
  5693 | D:14     | Noticed a white very ugly thing
  5693 | D:14     | Noticed a white very ugly thing
  5718 | D:14     | Reached ****** piety under Trog
  5787 | D:14     | Killed a brown very ugly thing
  5788 | D:14     | Reached XP level 14. HP: 127/127 MP: 5/15
  5788 | D:14     | Killed a green very ugly thing
  5799 | D:14     | Killed a purple very ugly thing
  5870 | D:14     | Gained mutation: Your spells are a little easier to cast,
                  | but a little less powerful. [mutagenic glow]
  5920 | D:15     | Entered Level 15 of the Dungeon
  5945 | D:14     | Identified the +0 pair of gloves of Cloud Cover {-Cast
                  | rElec rN+ Will++}
  5965 | D:14     | Found a shadowy altar of Dithmenos.
  6164 | D:15     | Reached skill level 1 in Evocations
  6250 | D:15     | Noticed a quicksilver ooze
  6253 | D:15     | a quicksilver ooze changed into a tyrant leech
  6265 | D:15     | Found a staircase to the Depths.
  6439 | D:9      | Upgraded the game from 0.31-a0-1001-g770356a28f to
                  | 0.31-a0-1002-g8e65716e6e
  6509 | D:10     | Killed BinkBink's ghost
  6611 | Lair:1   | Entered Level 1 of the Lair of Beasts
  6635 | Lair:1   | Reached skill level 10 in Armour
  6777 | Lair:2   | Found a staircase to the Swamp.
  6837 | Lair:2   | Found a gate leading to a gauntlet.
  6864 | Gauntlet | Entered a Gauntlet
  6864 | Gauntlet | Found a transporter.
  6871 | Gauntlet | Found a transporter.
  6873 | Gauntlet | Found a transporter.
  6891 | Gauntlet | Found a transporter.
  6906 | Gauntlet | Found a transporter.
  6908 | Gauntlet | Found a transporter.
  6910 | Gauntlet | Noticed a quicksilver ooze
  6919 | Gauntlet | Found a transporter.
  6933 | Gauntlet | Found a runed translucent door.
  6934 | Gauntlet | Found a transporter.
  6935 | Gauntlet | Found a runed translucent door.
  6942 | Gauntlet | Found a runed translucent door.
  6942 | Gauntlet | Noticed a cacodemon
  6944 | Gauntlet | Found a transporter.
  6946 | Gauntlet | Found a runed translucent door.
  6954 | Gauntlet | Found a transporter.
  6971 | Gauntlet | Found a transporter.
  6977 | Gauntlet | Found a transporter.
  7021 | Gauntlet | Reached skill level 5 in Evocations
  7034 | Gauntlet | Identified the +1 sling of Xeakkir {elec, Contam +Blink
                  | rPois}
  7072 | Gauntlet | Found a transporter.
  7083 | Gauntlet | Received a gift from Trog
  7186 | Gauntlet | Noticed a minotaur
  7197 | Gauntlet | Killed a minotaur
  7203 | Gauntlet | Identified the +5 ring mail of the Secret Lovers {Int+3}
  7253 | Lair:2   | Reached XP level 15. HP: 116/138 MP: 5/16
  7899 | Lair:3   | Reached skill level 15 in Fighting
  7969 | Lair:3   | Found a hole to the Spider Nest.
  8020 | Lair:4   | Found a staircase to the Slime Pits.
  8041 | Lair:4   | Found a runed translucent door.
  8260 | Lair:4   | Reached XP level 16. HP: 120/149 MP: 5/17
  8325 | Lair:4   | Identified the +7 battleaxe "Paussas" {heavy, Dex+3}
  8327 | Lair:4   | Identified the +2 trident "Cokhlyod" {drain, SInv}
  8328 | Lair:4   | Identified the +5 trident of the Wraith {antimagic, Str+5
                  | Dex+3}
  8403 | Lair:5   | Entered Level 5 of the Lair of Beasts
  8438 | Lair:5   | Reached skill level 10 in Evocations
  8553 | Lair:4   | Noticed Josephine
  8574 | Lair:4   | Killed Josephine
  8702 | Lair:4   | Found a dark tunnel.
  8705 | Lair:4   | Received a gift from Trog
  8722 | Volcano  | Entered a volcano
  8817 | Volcano  | Noticed an orb of fire
  8888 | Volcano  | Noticed an orb of fire
  9291 | Lair:5   | Received a gift from Trog
  9466 | Lair:3   | Reached XP level 17. HP: 160/160 MP: 6/18
  9481 | Spider:1 | Entered Level 1 of the Spider Nest
  9583 | Spider:2 | Noticed Arachne
  9606 | Spider:2 | Reached skill level 5 in Dodging
  9625 | Spider:2 | Killed Arachne
  9744 | Spider:3 | Noticed Kirke
  9757 | Spider:3 | Killed Kirke
  9845 | Spider:3 | Noticed Bai Suzhen
  9866 | Spider:3 | Found a frozen archway.
  9908 | IceCv    | Entered an ice cave
  9958 | IceCv    | Received a gift from Trog
 10176 | IceCv    | Noticed an Ice Fiend
 10185 | IceCv    | HP: 12/243 [spriggan defender simulacrum (12)]
 10191 | IceCv    | Killed an Ice Fiend
 10422 | Spider:3 | Killed Bai Suzhen
 10485 | Spider:4 | Identified the "Titzuab"
 10485 | Spider:4 | Identified the of Qyatt
 10485 | Spider:4 | Entered Level 4 of the Spider Nest
 10488 | Spider:4 | Identified the +0 plate armour of Gestures {Str+2 Slay+2}
 10490 | Spider:4 | Identified the serpent talisman "Xemehich" {rElec Slay+2}
 10490 | Spider:4 | Noticed Aizul
 10505 | Spider:4 | Killed Aizul
 10506 | Spider:4 | Gained mutation: You passively map a large area around you.
                  | [Meteoran growth]
 10506 | Spider:4 | Reached XP level 18. HP: 171/171 MP: 6/19
 10821 | Spider:4 | Received a gift from Trog
 10919 | Spider:4 | Got a gossamer rune of Zot
 11195 | Spider:1 | Reached skill level 15 in Armour
 11393 | Spider:1 | Noticed Louise
 11422 | Spider:1 | Killed Louise
 11616 | Swamp:1  | Entered Level 1 of the Swamp
 11760 | Swamp:1  | Reached skill level 15 in Shields
 11990 | Swamp:3  | Reached XP level 19. HP: 104/179 MP: 8/20
 12047 | Swamp:3  | Found a transporter.
 12064 | Swamp:3  | Found a transporter.
 12155 | Swamp:4  | Entered Level 4 of the Swamp
 12229 | Swamp:4  | Received a gift from Trog
 12559 | Swamp:4  | Noticed the 27-headed Lernaean hydra
 12792 | Swamp:4  | Killed the 27-headed Lernaean hydra
 13006 | Swamp:4  | Got a decaying rune of Zot
 13097 | Swamp:3  | Identified the ring of Ythuc {rN++ EV+5 Dex-3}
 13100 | Swamp:3  | Identified the +0 pair of boots "Kosed" {rN++}
 13485 | Orc:1    | Entered Level 1 of the Orcish Mines
 13700 | Orc:2    | Entered Level 2 of the Orcish Mines
 13793 | Orc:1    | Found Isasho's Book Shop.
 13937 | Orc:2    | Reached XP level 20. HP: 187/187 MP: 7/21
 13942 | Orc:2    | Received a gift from Trog
 14047 | Orc:2    | Found Mimooq's Armour Emporium.
 14047 | Orc:2    | Found Wemurr's Jewellery Shop.
 14049 | Orc:2    | Found Yfruy's Book Boutique.
 14051 | Orc:2    | Found Jeg Jugy's Weapon Shoppe.
 14070 | Orc:2    | Bought a +2 helmet of see invisible for 279 gold pieces
 14110 | Orc:2    | Found a staircase to the Elven Halls.
 14153 | Desolati | Identified the of Qaplao Bien
 14153 | Crypt:3  | Identified the "Itat"
 14153 | Depths:1 | Identified the of Guoloaxo
 14153 | Elf:1    | Entered Level 1 of the Elven Halls
 14182 | Elf:1    | Found Pautav's Distillery.
 14256 | Elf:1    | Noticed Jorgrun
 14270 | Elf:1    | Killed Jorgrun
 14447 | Elf:2    | Received a gift from Trog
 14499 | Elf:2    | Found Voaroaxe's Armour Shop.
 14501 | Elf:2    | Found Lyoweyga's General Store.
 14506 | Elf:2    | Found Efeul's Magic Scroll Shop.
 14579 | Elf:2    | Bought the +2 helmet of the Original Sin {Drain Str+4 Dex+3
                  | SInv} for 452 gold pieces
 14603 | Elf:3    | Identified the of Sosyd
 14603 | Elf:3    | Entered Level 3 of the Elven Halls
 14604 | Elf:3    | Found an ancient bone altar of Kikubaaqudgha.
 14805 | Elf:3    | Identified the +1 ring mail of Dramatic Exits {rPois rN+
                  | Int+3 Stlth+}
 14824 | Elf:3    | Identified the +1 robe of Yesterday {Fly Stlth+}
 14919 | Elf:2    | Received a gift from Trog
 15011 | Elf:3    | Found the +3 pair of seven-league boots {Rampage+∞}
 15011 | Elf:3    | Found the +0 pair of fencer's gloves {Riposte Dex+3}
 15038 | Elf:3    | Identified the +8 morningstar of Change {drain, rElec rF++}
 15069 | Elf:3    | Identified the +11 quarterstaff of Egekanib {freeze, rF+}
 15201 | Elf:2    | Identified the +5 chain mail of Hejinan {rElec Dex-4 SInv}
 15243 | Elf:1    | Bought a potion of heal wounds for 60 gold pieces
 15243 | Elf:1    | Bought a potion of heal wounds for 60 gold pieces
 15243 | Elf:1    | Bought a potion of might for 48 gold pieces
 15243 | Elf:1    | Bought a potion of heal wounds for 60 gold pieces
 15243 | Elf:1    | Bought a potion of heal wounds for 60 gold pieces
 15243 | Elf:1    | Bought a potion of heal wounds for 60 gold pieces
 15243 | Elf:1    | Bought a potion of heal wounds for 60 gold pieces
 15296 | Elf:2    | Bought a scroll of teleportation for 45 gold pieces
 15296 | Elf:2    | Bought a scroll of teleportation for 45 gold pieces
 15296 | Elf:2    | Bought a scroll of revelation for 112 gold pieces
 15296 | Elf:2    | Bought a scroll of fog for 60 gold pieces
 15599 | Vaults:1 | Entered Level 1 of the Vaults
 15622 | Vaults:2 | Reached XP level 21. HP: 188/196 MP: 7/22
 15913 | Vaults:2 | Found a magical portal.
 15925 | WizLab   | Entered Zonguldrok's Shrine
 16071 | WizLab   | Noticed an antique champion
 16071 | WizLab   | Noticed an antique champion
 16086 | WizLab   | Killed an antique champion
 16110 | WizLab   | Killed an antique champion
 16122 | WizLab   | Identified the +0 kite shield "Jusod" {rN+ Dex+4}
 16123 | WizLab   | Identified the +0 shadow dragon scales of Eqawkic {Harm
                  | rPois rF+ Will+ Stlth++++}
 16174 | WizLab   | Identified 2 scrolls of acquirement
 16210 | WizLab   | Received a gift from Trog
 16227 | Vaults:2 | Acquired the ring of the Sun {rPois rC++ rN+}
 16229 | Vaults:2 | Acquired the ring of Usiulis {rCorr Int+2}
 16653 | Vaults:4 | Found Dedo's Book Emporium.
 16711 | Vaults:4 | Found a crumbling gateway.
 16730 | Desolati | Entered the Desolation of Salt
 16774 | Desolati | Reached XP level 22. HP: 201/209 MP: 7/23
 16801 | Desolati | Received a gift from Trog
 16826 | Desolati | Identified the +5 halberd of a wizard's laboratory {heavy,
                  | rElec MP+9 Str-2 Int+4}
 16915 | Desolati | Identified the ring "Udeog" {Fly Will+ Str+6}
 16944 | Desolati | Identified the ring of Uhaomaeny {Wiz rElec rN+}
 16992 | Desolati | Identified the +5 short sword "Kimoe" {freeze, Contam
                  | Dex+8}
 16995 | Desolati | Identified the ring of Ufuitryj {rN+ Int+6 Dex+3}
 17095 | Desolati | Identified the +0 scale mail of Chill Winds {rF+ Int+4}
 17239 | Vaults:5 | Entered Level 5 of the Vaults
 17267 | Vaults:5 | Received a gift from Trog
 17377 | Vaults:4 | Reached XP level 23. HP: 221/221 MP: 8/24
 17392 | Vaults:4 | Received a gift from Trog
 17484 | Vaults:5 | Identified the +9 short sword of the Fox {heavy, rPois rF-
                  | rCorr Int+5}
 17503 | Vaults:5 | Noticed a golden dragon
 17517 | Vaults:5 | Killed a golden dragon
 17635 | Vaults:5 | Noticed a golden dragon
 17649 | Vaults:5 | Killed a golden dragon
 17661 | Vaults:5 | Identified the +8 spear of Symmetry {heavy, Int+10}
 17774 | Vaults:5 | Noticed a golden dragon
 17781 | Vaults:5 | Killed a golden dragon
 17857 | Vaults:5 | Identified the +1 long sword of the Shimmering Gods {flame,
                  | Fly rElec Will++ Str-4}
 17943 | Vaults:5 | Received a gift from Trog
 18214 | Vaults:5 | Identified the +0 robe of the Wilderness {SInv}
 18294 | Vaults:5 | Identified the ring of Finality {Str+5 Int+6}
 18297 | Vaults:5 | Got a silver rune of Zot
 18479 | Vaults:4 | Reached XP level 24. HP: 235/235 MP: 8/24
 18493 | Vaults:4 | Identified the amulet of Unac Dext {RegenMP Int-4 Dex+3}
 18667 | Vaults:3 | Identified the +1 war axe of Oxkaetou {heavy, rC+ Dex+3}
                  | (Trog gifted it to you on level 3 of the Vaults)
 18667 | Vaults:3 | Received a gift from Trog
 18799 | Vaults:3 | Found a staircase to the Crypt.
 18805 | Crypt:1  | Entered Level 1 of the Crypt
 18936 | Crypt:3  | Entered Level 3 of the Crypt
 18943 | Crypt:3  | Received a gift from Trog
 19009 | Crypt:2  | Reached skill level 10 in Dodging
 19109 | Crypt:3  | Found a staircase to the Tomb.
 19264 | Crypt:3  | Received a gift from Trog
 19447 | Crypt:3  | Reached XP level 25. HP: 245/245 MP: 8/24
 19455 | Crypt:3  | Noticed Boris
 19465 | Crypt:3  | Killed Boris
 19621 | Crypt:3  | Noticed an ancient lich
 19622 | Crypt:3  | Found a basalt altar of Yredelemnul.
 19628 | Crypt:3  | Killed an ancient lich
 19662 | Crypt:3  | Found the +8 demon blade "Leech" {evervamp, Harm Drain rN+}
 20024 | Vaults:1 | Identified the +8 war axe "Hillargh" {heavy, rF+} (Trog
                  | gifted it to you on level 1 of the Vaults)
 20024 | Vaults:1 | Received a gift from Trog
 20056 | Vaults:1 | Identified the ring "Qeulytet" {Fly rC- Str+8}
 20267 | D:15     | Found Sunibb's Distillery.
 20283 | D:15     | Bought a potion of cancellation for 128 gold pieces
 20283 | D:15     | Bought a potion of heal wounds for 80 gold pieces
 20399 | Depths:1 | Entered Level 1 of the Depths
 20399 | Depths:1 | Found a one-way gate to the infinite horrors of the Abyss.
 20403 | Depths:1 | Noticed Boris
 20407 | Depths:1 | Voluntarily entered the Abyss.
 20441 | Abyss:2  | Found a corrupted altar of Lugonu.
 20544 | Abyss:3  | Received a gift from Trog
 20829 | Abyss:3  | Got an abyssal rune of Zot
 20896 | Abyss:3  | Reached XP level 26. HP: 182/257 MP: 10/24
 21009 | Depths:1 | Escaped the Abyss
 21021 | Depths:1 | Killed Boris
 21023 | Depths:1 | Received a gift from Trog
 21100 | Depths:1 | Noticed a juggernaut
 21100 | Depths:1 | Identified the ring of Suspicion {rF+ rC- Int+4 Dex+6}
 21115 | Depths:1 | Killed a juggernaut
 21311 | Depths:1 | Found a gateway to Hell.
 21408 | Depths:2 | Noticed a caustic shrike
 21426 | Depths:2 | Killed a caustic shrike
 21456 | Depths:2 | Received a gift from Trog
 21519 | Depths:2 | Noticed the Enchantress
 21548 | Depths:2 | Killed the Enchantress
 21578 | Depths:2 | Found a one-way gate leading to the halls of Pandemonium.
 21629 | Depths:2 | Reached XP level 27. HP: 260/266 MP: 8/24
 21676 | Depths:4 | Entered Level 4 of the Depths
 21682 | Depths:4 | Noticed a juggernaut
 21694 | Depths:4 | Killed a juggernaut
 21694 | Depths:4 | Received a gift from Trog
 21819 | Depths:4 | Noticed Boris
 21829 | Depths:4 | Killed Boris
 21868 | Depths:4 | Found a gate to the Realm of Zot.
 21890 | Zot:1    | Entered Level 1 of the Realm of Zot
 21939 | Zot:1    | Reached skill level 15 in Dodging
 21953 | Zot:1    | Reached skill level 15 in Evocations
 22180 | Zot:2    | Received a gift from Trog
 22304 | Zot:2    | Noticed a Killer Klown
 22312 | Zot:3    | Identified the "Narch"
 22464 | Zot:3    | Found the +4 dragonskin cloak
 22464 | Zot:3    | Noticed Tiamat
 22498 | Zot:3    | Killed Tiamat
 22612 | Zot:3    | Identified the staff "Earthworm" {rCorr Conj}
 22617 | Zot:3    | Identified the +0 cloak of Creativity {Will+}
 22690 | Zot:3    | Identified the ring of Olehus Duma {MP+9 EV+5 Str+4 Int-4}
 22820 | Zot:2    | Killed a Killer Klown
 22877 | Zot:4    | Identified the +9 broad axe "Toyluaso" {flame, Int-2 Dex+4}
                  | (Trog gifted it to you on level 4 of the Realm of Zot)
 22877 | Zot:4    | Received a gift from Trog
 22973 | Zot:4    | Found a transporter.
 22978 | Zot:4    | Found a transporter.
 23042 | Zot:4    | Identified the blade talisman "Teqef" {rCorr Int+2}
 23094 | Zot:5    | Entered Level 5 of the Realm of Zot
 23102 | Zot:5    | Noticed a curse toe
 23111 | Zot:5    | Killed a curse toe
 23353 | Zot:5    | Received a gift from Trog
 23362 | Zot:5    | Noticed an ancient lich
 23386 | Zot:5    | Killed an ancient lich
 23523 | Zot:5    | Noticed an orb of fire
 23527 | Zot:5    | Noticed a Killer Klown
 23531 | Zot:5    | Noticed a Killer Klown
 23532 | Zot:5    | Killed an orb of fire
 23535 | Zot:5    | Noticed a dread lich
 23536 | Zot:5    | Noticed an orb of fire
 23554 | Zot:5    | Killed an orb of fire
 23555 | Zot:5    | Reached skill level 27 in Fighting
 23557 | Zot:5    | Killed a dread lich
 23566 | Zot:5    | Killed a Killer Klown
 23575 | Zot:5    | Noticed a dread lich
 23576 | Zot:5    | Noticed an orb of fire
 23581 | Zot:5    | Killed a dread lich
 23587 | Zot:5    | Noticed an ancient lich
 23592 | Zot:5    | Noticed an orb of fire
 23596 | Zot:5    | Gained mutation: Your spells are easier to cast, but less
                  | powerful. [an orb of fire]
 23596 | Zot:5    | Noticed an ancient lich
 23599 | Zot:5    | Gained mutation: You are agile. (Dex +4, Str/Int -1) [an
                  | orb of fire]
 23600 | Zot:5    | Noticed a Killer Klown
 23601 | Zot:5    | Noticed an ancient lich
 23603 | Zot:5    | Gained mutation: Armour fits poorly on your strangely
                  | shaped body. [an orb of fire]
 23605 | Zot:5    | Noticed an ancient lich
 23606 | Zot:5    | Killed an orb of fire
 23607 | Zot:5    | Killed an ancient lich
 23612 | Zot:5    | Killed an orb of fire
 23616 | Zot:5    | Noticed a curse toe
 23618 | Zot:5    | Killed an ancient lich
 23620 | Zot:5    | Killed an ancient lich
 23627 | Zot:5    | Noticed an orb of fire
 23630 | Zot:5    | Killed an ancient lich
 23630 | Zot:5    | Noticed an ancient lich
 23637 | Zot:5    | Noticed an ancient lich
 23645 | Zot:5    | Killed an ancient lich
 23646 | Zot:5    | Killed a curse toe
 23649 | Zot:5    | Killed an orb of fire
 23653 | Zot:5    | Killed an ancient lich
 23659 | Zot:5    | Killed a Killer Klown
 23672 | Zot:5    | Lost mutation: You are agile. (Dex +4, Str/Int -1) [potion
                  | of mutation]
 23672 | Zot:5    | Lost mutation: Your spells are easier to cast, but less
                  | powerful. [potion of mutation]
 23672 | Zot:5    | Lost mutation: Armour fits poorly on your strangely shaped
                  | body. [potion of mutation]
 23672 | Zot:5    | Gained mutation: You expend magic power (3 MP) to
                  | strengthen your wands. [potion of mutation]
 23672 | Zot:5    | Gained mutation: You are partially covered in iridescent
                  | scales. (AC +2) [potion of mutation]
 23736 | Zot:5    | Received a gift from Trog
 23789 | Zot:5    | Killed a Killer Klown
 23819 | Zot:5    | Got the Orb of Zot
 24068 | Depths:4 | Reached skill level 27 in Shields
 24715 | D:1      | Noticed Toucs the pandemonium lord
 24729 | D:1      | Killed Toucs the pandemonium lord
 24786 | D:$      | Escaped with the Orb!

Illustrated notes

Levels and vault maps discovered:
D:1:      co_arrival_random_square_maze, layout_rooms
D:2:      wad_woods_tower, layout_basic, ebering_ecumenical_altar_hall,
          minmay_gold_behind_fungi
D:3:      layout_loops_ring, mainiacjoe_overflow_cross_hatched,
          lightli_corner_chamber, uniq_crazy_yiuf_cottage, uniq_robin
D:4:      cheibrodos_barr_body, layout_loops_ring,
          nicolae_yredelemnul_ghost_church, due_unseen_surprise
D:5:      layout_loops_corners, minmay_temple_entry_enclosed_plants,
          uniq_edmund, uniq_eustachio, uniq_sigmund
D:6:      layout_gridville, mainiacjoe_overflow_catwalk, enter_ossuary_3,
          gup_sewer_entry_glass, gammafunk_ghost_arena, minmay_misc_feat_tower,
          minmay_ruffians
D:7:      layout_gridville, marbit_many_paths, makhleb_altar_promises_db,
          kennysheep_generic_room_12, uniq_menkaure, uniq_joseph, uniq_duvessa
D:8:      layout_basic, minitemple, ebering_ghost_inner_flame,
          kennysheep_kite_vault
D:9:      minmay_thinvault, layout_basic, nicolae_overflow_crystal_walls,
          nicolae_ru_great_annihilating_truth, kennysheep_little_box,
          hellmonk_lair_entry_icy, nicolae_fountain_basement
D:10:     layout_loops_ring, erik_orc_4, biasface_ghost_orc_armoury,
          enter_bailey_4, dk_noncrumbling_2
D:11:     layout_cave_pools
D:12:     layout_basic, serial_rivers, chequers_serial_rivers_room_b,
          chequers_serial_rivers_room_b, chequers_serial_rivers_small_b,
          chequers_serial_rivers_micro_e, fedhas_altar_4, uniq_nessos
D:13:     layout_gridville, hangedman_vaults_entry_quadrant_bands,
          hangedman_abyss_or_decor_passed, nicolae_lava_and_water
D:14:     gammafunk_cloud_chamber, layout_loops_ring, grunt_dithmenos_shadows,
          okawaru_gym_becter
D:15:     gammafunk_enter_depths_forms, layout_cave_pods,
          nicolae_kite_square_tiling_tiny, serial_shops, shop
Lair:1:   beast_lair_carwin_large_2, layout_concentric_octagons, basic_altar,
          grunt_megastairs_5
Lair:2:   layout_chaotic_city, swamp_mist_pool, gauntlet_entry_generic,
          nicolae_lair_lakeside_cave
Lair:3:   layout_roguey, dummy_spider_entry, beast_lair_carwin_3
Lair:4:   gammafunk_mikee_crab_dinner, layout_long_grid, slime_entry_1,
          enter_volcano_3, serial_bayou_shore_b, uniq_josephine
Lair:5:   minmay_lair_end_enchanted_forest, layout_hall_layers, st_stairs_10,
          minmay_hedge_maze, grunt_megastairs_2
Swamp:1:  nicolae_swamp_wrong_neighborhood, layout_basic_swamp,
          hangedman_swamp_pad
Swamp:2:  layout_basic_swamp, evilmike_swamp_ruin_house_4, swamp_pool_5,
          nicolae_swamp_decorative_isthmus
Swamp:3:  gammafunk_worm_tunnel, layout_falls_marsh,
          evilmike_swamp_ruin_rubble_1, worms_lemuel
Swamp:4:  swamp_old_school, layout_basic_swamp, swamp_pool_5,
          nicolae_swamp_baby_hydras
Spider:1: layout_spider_delve, guppyfry_spider_mini_1, uniq_louise, uniq_rupert,
          uniq_frances
Spider:2: layout_spider_delve, uniq_arachne
Spider:3: layout_spider_delve, portal_ice_cave_entry_ugly_swarm,
          hangedman_spider_mandibles, drop_trap, spiders_nest_ghost_moth_duel,
          uniq_bai_suzhen, uniq_kirke
Spider:4: spider_rune_water, nicolae_spider_solar_radiation, uniq_aizul
Orc:1:    layout_caves, serial_shops, nicolae_book_shop_shelving,
          nicolae_orc_crystal_geode
Orc:2:    st_orc_rangers, layout_caves, nicolae_orc_tapped_out
Elf:1:    elf_arrival_002, layout_loops_corners, serial_shops,
          nicolae_shop_industrial_runoff, shop, evilmike_minifort, st_stairs_6,
          fake_guardian_serpent_vault, uniq_jorgrun
Elf:2:    nicolae_elf_blades_splatter_lattice [nicolae_blade_bullseye],
          layout_rooms, minmay_shop_star, uniq_nikola
Elf:3:    minmay_elf_hall_not_hex, layout_loops_cross, basic_altar,
          serial_shops, nicolae_shop_stone
Vaults:1: ontoclasm_vaults_spin, nicolae_vaults_antechamber_and_loot_room,
          v_rooms_2, vaults_standard_mumra_enter_the_diamond,
          nicolae_vaults_offset_grid_hallway_1, hangedman_vaults_slice,
          nicolae_vaults_wine_cellar, nicolae_vaults_stairing_the_circle,
          v_misc_13, nicolae_vaults_tetromino_Z_2, nicolae_vaults_diamond_1,
          layout_vaults_omnicross
Vaults:2: infiniplex_enter_wizlab_spiral, minmay_orc_keep, v_misc_5, v_misc_4,
          ontoclasm_vaults_claustrophobia, v_misc_32, v_pattern_3,
          vaults_room_door_ring, layout_vaults_chaotic_city
Vaults:3: vaults_standard_mumra_lines, nicolae_vaults_tetromino_L_1, v_misc_26,
          vaults_mumra_hex, hangedman_vaults_slice, v_misc_29,
          minmay_crypt_entry_skeletal_spiral, nicolae_vaults_more_shelving_2,
          nicolae_vaults_little_squares_5, layout_vaults_omnigrid, serial_shops,
          nicolae_shop_bloodbath_and_beyond
Vaults:4: portal_desolation_entry_salt, v_pattern_5,
          nicolae_vaults_tetromino_T_1, nicolae_whirlpool,
          nicolae_vaults_cornered_office, nicolae_vaults_closet_pinwheel_4,
          nicolae_vaults_sesquioval_fish, nicolae_vaults_little_squares_5,
          v_misc_5, layout_vaults_omnibox, serial_shops, shop
Vaults:5: serial_shops
Crypt:1:  layout_catacombs
Crypt:2:  layout_misc_corridors
Crypt:3:  cryptofortress_bobbens, uniq_boris
Depths:1: nzn_winding_woodlands_large [nzn_winding_woodlands_5x5_checkerboard,
          nzn_winding_woodlands_5x15_cabin, nzn_winding_woodlands_5x5_default,
          nzn_winding_woodlands_center_garden,
          nzn_winding_woodlands_15x15_thick_spiral,
          nzn_winding_woodlands_center_diamonds,
          nzn_winding_woodlands_5x5_perimeter,
          nzn_winding_woodlands_5x15_jagged, nzn_winding_woodlands_5x5_cross],
          layout_cave_pools, enter_ziggurat_f, abyss_entry, nicolae_wwwww,
          grunt_hell_horde, kennysheep_small_circle, serial_bayou_shore_a
Depths:2: minmay_octagon_city, layout_gridlike, grunt_hell_entry_dis_mu,
          pan_entry, nicolae_qazlal_eye_of_the_storm,
          kennysheep_generic_room_10, uniq_enchantress
Depths:3: minmay_imperfect_grid, layout_basic, abyss_entry, hell_entry
Depths:4: grunt_zot_entry_tricorne, layout_gridlike, serial_sigils,
          serial_sigils_hangedman_gut, serial_sigils_hangedman_quiver,
          serial_sigils_hangedman_etch, serial_sigils_hangedman_writhe,
          serial_sigils_hangedman_snap, serial_sigils_hangedman_snap,
          hangedman_coc_ice_floe, enter_trove_0
Zot:1:    lemuel_halls_of_wrath, layout_misc_corridors, grunt_ministairs_15,
          evilmike_ambush [evilmike_ambush_outer_basic,
          evilmike_ambush_inner_basic]
Zot:2:    layout_onion_interference
Zot:3:    layout_concentric_octagons, st_grand_hoard_of_tiamat
Zot:4:    evilmike_crystal_ball_defense, layout_misc_corridors,
          serial_nicolae_subway, nicolae_sub_station_stone,
          nicolae_sub_station_metal, nicolae_sub_station_crystal
Zot:5:    layout_misc_corridors

Skill      XL: |  1  2  3  4  5  6  7  8  9 10 11 12 13 14 15 16 17 18 19 20 21 22 23 24 25 26 27 |
---------------+----------------------------------------------------------------------------------+-----
Axes           | 4 6 7 8 10 12 14 16 17 18 | 18.0
Fighting       | 4 5 6 7 9 10 11 12 14 15 16 17 18 19 21 23 24 25 27 | 27.0
Armour         | 3 4 5 7 8 10 12 14 15 17 18 19 20 21 24 | 24.9
Dodging        | 4 8 10 13 14 18 | 18.7
Shields        | 2 6 10 11 13 15 18 19 20 21 23 24 27 | 27.0
Evocations     | 6 9 10 12 13 14 16 | 16.0

Action                     |  1- 3 |  4- 6 |  7- 9 | 10-12 | 13-15 | 16-18 | 19-21 | 22-24 | 25-27 || total
---------------------------+-------+-------+-------+-------+-------+-------+-------+-------+-------++-------
  Melee: Hand axe          |    71 |    65 |     8 |       |       |       |       |       |       ||   144
         Punch             |     1 |     2 |     8 |     4 |       |       |       |       |       ||    15
         War axe           |       |       |   297 |   449 |       |       |       |       |       ||   746
         Broad axe         |       |       |       |   110 |   724 |  1112 |  1182 |   950 |  1709 ||  5787
         Flail             |       |       |       |       |    13 |    40 |    78 |       |       ||   131
 Invoke: Berserk           |     2 |     3 |     3 |     8 |     5 |     5 |     1 |       |       ||    27
         Brothers in Arms  |       |       |       |     1 |       |     3 |       |       |       ||     4
         Trog's Hand       |       |       |       |       |     1 |     1 |     1 |       |     2 ||     5
  Evoke: Wand              |       |       |       |       |     1 |     3 |     3 |     2 |       ||     9
         Condenser vane    |       |       |       |       |       |     3 |       |       |       ||     3
         Lightning rod     |       |       |       |       |       |       |     3 |       |       ||     3
         Phantom mirror    |       |       |       |       |       |       |     1 |       |     1 ||     2
    Use: Scroll            |       |       |       |    17 |     8 |     7 |    14 |     2 |    15 ||    63
         Potion            |       |       |       |       |     2 |     3 |       |       |    11 ||    16
   Stab: Paralysed         |       |       |       |     1 |       |       |       |       |       ||     1
         Petrified         |       |       |       |       |       |     2 |       |       |       ||     2
         Petrifying        |       |       |       |       |       |     1 |       |       |       ||     1
         Invisible         |       |       |       |       |       |     5 |       |       |       ||     5
         Distracted        |       |       |       |       |       |     1 |       |       |     3 ||     4
 Armour: Animal skin       |    20 |       |       |       |       |       |       |       |       ||    20
         Chain mail        |    31 |    42 |       |       |   208 |   231 |       |       |       ||   512
         Plate armour      |       |    25 |   275 |   531 |   363 |   207 |       |       |       ||  1401
         Crystal plate arm |       |       |       |       |       |   442 |   755 |   291 |   742 ||  2230
  Dodge: Dodged            |    38 |    27 |   101 |   196 |   241 |   597 |   492 |   248 |   740 ||  2680
  Block: Buckler           |       |       |       |    63 |   281 |   627 |   256 |       |       ||  1227
         Reflection        |       |       |       |       |    18 |    12 |    22 |       |       ||    52
         Tower shield      |       |       |       |       |       |       |   773 |   823 |  1711 ||  3307
Riposte: Broad axe         |       |       |       |       |       |       |   116 |   302 |   664 ||  1082

Table legend: (Time is in decaauts)
 A = Elapsed time spent in this place.
 B = Non-inter-level travel time spent in this place.
 C = Inter-level travel time spent in this place.
 D = Time resting spent in this place.
 E = Time spent auto-exploring this place.
 F = Levels seen in this place.
 G = Mean time per level.
                   A        B        C        D        E       F      G
               +--------+--------+--------+--------+--------+-----+--------+
         Total |  23543 |  20537 |   3006 |     60 |      0 |  61 |  386.0 |
       Dungeon |   6493 |   4957 |   1536 |     25 |      0 |  15 |  432.9 |
          Lair |   2269 |   1848 |    421 |      0 |      0 |   5 |  453.8 |
         Swamp |   1753 |   1664 |     89 |      7 |      0 |   4 |  438.2 |
   Spider Nest |   1519 |   1395 |    124 |      8 |      0 |   4 |  379.8 |
  Orcish Mines |    738 |    656 |     82 |      0 |      0 |   2 |  369.0 |
   Elven Halls |   1151 |    987 |    164 |      0 |      0 |   3 |  383.7 |
        Vaults |   2656 |   2450 |    206 |      0 |      0 |   5 |  531.2 |
         Crypt |    901 |    815 |     86 |      0 |      0 |   3 |  300.3 |
        Depths |    950 |    832 |    118 |      0 |      0 |   4 |  237.5 |
           Zot |   1864 |   1687 |    177 |      4 |      0 |   5 |  372.8 |
         Abyss |    538 |    538 |      0 |      0 |      0 |   3 |  179.3 |
         Sewer |    284 |    284 |      0 |      0 |      0 |   1 |  284.0 |
       Ossuary |    323 |    323 |      0 |      0 |      0 |   1 |  323.0 |
        Bailey |    471 |    471 |      0 |     12 |      0 |   1 |  471.0 |
      Ice Cave |    395 |    395 |      0 |      0 |      0 |   1 |  395.0 |
       Volcano |    245 |    245 |      0 |      0 |      0 |   1 |  245.0 |
        Wizlab |    263 |    263 |      0 |      0 |      0 |   1 |  263.0 |
    Desolation |    392 |    392 |      0 |      0 |      0 |   1 |  392.0 |
      Gauntlet |    329 |    329 |      0 |      3 |      0 |   1 |  329.0 |
               +--------+--------+--------+--------+--------+-----+--------+

Top non-repeatable levels by time:
Vaults:5: 968 daAuts
    D:10: 855 daAuts
     D:9: 799 daAuts
 Swamp:4: 796 daAuts
  Lair:4: 774 daAuts
     D:8: 734 daAuts
 Crypt:3: 719 daAuts
    D:13: 718 daAuts
  Lair:2: 709 daAuts
   Zot:5: 673 daAuts
Vaults:2: 594 daAuts
   Elf:3: 520 daAuts
Spider:4: 519 daAuts
    D:12: 498 daAuts
   Zot:3: 494 daAuts
